| TOP OF THE 1ST |
|
Philadelphia Phillies batting - Pitching for Arizona Diamondbacks : LHP Tim Wybenga
|
|
Pitching: LHP Tim Wybenga
|
|
|
Batting: SHB Lance Franklin
|
0-0: Called Strike 0-1: Foul Ball, location: 2F 0-2: Hit by Pitch
|
|
Batting: RHB Chef Belew
|
0-0: Ball 1-0: Swinging Strike 1-1: Foul Ball, location: 2F 1-2: Strikes out swinging
|
|
Batting: LHB Osamu Kubo
|
0-0: Ball 1-0: Swinging Strike 1-1: Ball 2-1: Grounds into double play, 4-6-3 (Groundball, 4, EV 86.2 MPH)
|
| Top of the 1st over - 0 runs, 0 hits, 0 errors, 0 left on base; Philadelphia 0 - Arizona 0 |
| BOTTOM OF THE 1ST |
|
Arizona Diamondbacks batting - Pitching for Philadelphia Phillies : RHP Sean Hill
|
|
Pitching: RHP Sean Hill
|
|
|
Batting: RHB Katilimomi Kelekolio
|
0-0: Foul Ball, location: 2F 0-1: Called Strike 0-2: Foul Ball, location: 2F 0-2: Ball 1-2: Fly out, F9 (Flyball, 9, EV 91.9 MPH)
|
|
Batting: LHB Roy Steigerwald
|
0-0: Called Strike 0-1: Ball 1-1: Ball 2-1: Ball 3-1: Swinging Strike 3-2: Strikes out looking
|
|
Batting: SHB Alec Thorpe
|
0-0: Ball 1-0: Fly out, F4 (Line Drive, 4, EV 68.1 MPH)
|
| Bottom of the 1st over - 0 runs, 0 hits, 0 errors, 0 left on base; Philadelphia 0 - Arizona 0 |
| TOP OF THE 2ND |
|
Philadelphia Phillies batting - Pitching for Arizona Diamondbacks : LHP Tim Wybenga
|
|
Batting: RHB Josh Hensley
|
0-0: Called Strike 0-1: Swinging Strike 0-2: Ball 1-2: Ball 2-2: Foul Ball, location: 2F 2-2: Strikes out swinging
|
|
Batting: LHB Ryan Trombley
|
0-0: Ball 1-0: Called Strike 1-1: Ball 2-1: Swinging Strike 2-2: Ball 3-2: Strikes out looking
|
|
Batting: SHB Phuck II
|
0-0: Swinging Strike 0-1: Ball 1-1: Swinging Strike 1-2: Ball 2-2: Strikes out swinging
|
| Top of the 2nd over - 0 runs, 0 hits, 0 errors, 0 left on base; Philadelphia 0 - Arizona 0 |
| BOTTOM OF THE 2ND |
|
Arizona Diamondbacks batting - Pitching for Philadelphia Phillies : RHP Sean Hill
|
|
Batting: RHB Andy Swaim
|
0-0: Foul Ball, location: 2F 0-1: Ball 1-1: Foul Ball, location: 2F 1-2: Ball 2-2: Ball 3-2: Fly out, F7 (Flyball, 78M, EV 83.1 MPH)
|
|
Batting: LHB Joel Kunkler
|
0-0: Fly out, F9 (Flyball, 9S, EV 92.5 MPH)
|
|
Batting: SHB Salvador Aragon
|
0-0: SINGLE (Groundball, 34D, EV 105.0 MPH)
|
|
Batting: LHB Mike Mentzer
|
0-0: Ball 1-0: Ball 2-0: Ball 3-0: Called Strike 3-1: Fly out, F7 (Flyball, 7, EV 95.6 MPH)
|
| Bottom of the 2nd over - 0 runs, 1 hit, 0 errors, 1 left on base; Philadelphia 0 - Arizona 0 |
| TOP OF THE 3RD |
|
Philadelphia Phillies batting - Pitching for Arizona Diamondbacks : LHP Tim Wybenga
|
|
Batting: LHB Cody Schumacher
|
0-0: Ball 1-0: Ground out 1-3 (Groundball, P, EV 68.8 MPH)
|
|
Batting: RHB Quintin Parker
|
0-0: Ball 1-0: Ball 2-0: Called Strike 2-1: Foul Ball, location: 2F 2-2: Foul Ball, location: 2F 2-2: Strikes out swinging
|
|
Batting: LHB Nick Canizales
|
0-0: Swinging Strike 0-1: Foul Ball, location: 2F 0-2: Strikes out swinging
|
| Top of the 3rd over - 0 runs, 0 hits, 0 errors, 0 left on base; Philadelphia 0 - Arizona 0 |
| BOTTOM OF THE 3RD |
|
Arizona Diamondbacks batting - Pitching for Philadelphia Phillies : RHP Sean Hill
|
|
Batting: LHB Bobby Arevalo
|
0-0: DOUBLE (Flyball, 78XD, EV 100.6 MPH)
|
|
Batting: SHB Warren Eisner
|
0-0: Ground out U3 (Groundball, 3D, EV 82.5 MPH) Bobby Arevalo to third
|
|
Batting: RHB Katilimomi Kelekolio
|
0-0: Called Strike 0-1: Fly out, F9 (Flyball, 9S, EV 84.4 MPH) Runner from 3rd tags up, SCORES, throw by RF
|
|
Batting: LHB Roy Steigerwald
|
0-0: Ball 1-0: Fly out, F8 (Flyball, 8RXD, EV 93.1 MPH)
|
| Bottom of the 3rd over - 1 run, 1 hit, 0 errors, 0 left on base; Philadelphia 0 - Arizona 1 |
| TOP OF THE 4TH |
|
Philadelphia Phillies batting - Pitching for Arizona Diamondbacks : LHP Tim Wybenga
|
|
Batting: SHB Lance Franklin
|
0-0: Ball 1-0: Ground out U3 (Groundball, 34, EV 83.1 MPH)
|
|
Batting: RHB Chef Belew
|
0-0: Foul Ball, location: 2F 0-1: Called Strike 0-2: Strikes out swinging
|
|
Batting: LHB Osamu Kubo
|
0-0: Ball 1-0: Foul Ball, location: 2F 1-1: Ball 2-1: SINGLE (Groundball, 4MD, EV 98.1 MPH)
|
|
Batting: RHB Josh Hensley
|
0-0: Swinging Strike 0-1: Swinging Strike 0-2: Ball 1-2: Ball 2-2: Strikes out swinging
|
| Top of the 4th over - 0 runs, 1 hit, 0 errors, 1 left on base; Philadelphia 0 - Arizona 1 |
| BOTTOM OF THE 4TH |
|
Arizona Diamondbacks batting - Pitching for Philadelphia Phillies : RHP Sean Hill
|
|
Batting: SHB Alec Thorpe
|
0-0: Called Strike 0-1: Ball 1-1: Swinging Strike 1-2: SINGLE (Groundball, 4MD, EV 97.5 MPH)
|
|
Batting: RHB Andy Swaim
|
0-0: Ball 1-0: Called Strike 1-1: Foul Ball, location: 2F 1-2: DOUBLE (Flyball, 78XD, EV 105.0 MPH) Alec Thorpe to third
|
|
Batting: LHB Joel Kunkler
|
0-0: Ball 1-0: Foul Ball, location: 2F 1-1: Foul Ball, location: 2F 1-2: Ball 2-2: Foul Ball, location: 2F 2-2: Ground out 1-3 (Groundball, P, EV 70.0 MPH)
|
|
Batting: SHB Salvador Aragon
|
0-0: Fly out, F7 (Flyball, 78S, EV 80.0 MPH)
|
|
Batting: LHB Mike Mentzer
|
0-0: SINGLE (Groundball, 34D, EV 97.5 MPH) Alec Thorpe scores Andy Swaim to third Runner from 3rd tries for Home, SAFE, throw by RF to home
|
|
Batting: LHB Bobby Arevalo
|
0-0: Called Strike 0-1: Called Strike 0-2: Hit by Pitch Mike Mentzer to second
|
|
Batting: SHB Warren Eisner
|
0-0: DOUBLE (Line Drive, 3D, EV 103.1 MPH) Mike Mentzer scores Bobby Arevalo to third Runner from 3rd tries for Home, SAFE, no throw by RF
|
|
Batting: RHB Katilimomi Kelekolio
|
0-0: Ball 1-0: Ball 2-0: Ball 3-0: Called Strike 3-1: Foul Ball, location: 2F 3-2: Base on Balls
|
|
Pitching: RHP Josh Allport
|
|
|
Batting: LHB Roy Steigerwald
|
0-0: Ball 1-0: Called Strike 1-1: 3-RUN HOME RUN (Flyball, 9D, EV 98.1 MPH), Distance : 370 ft
|
|
Batting: SHB Alec Thorpe
|
0-0: Ball 1-0: Foul Ball, location: 2F 1-1: Swinging Strike 1-2: Ball 2-2: Ball 3-2: Base on Balls
|
|
Batting: RHB Andy Swaim
|
0-0: Ball 1-0: Fielders Choice at 2nd, 5-4 (Groundball, 56, EV 104.4 MPH)
|
| Bottom of the 4th over - 7 runs, 5 hits, 0 errors, 1 left on base; Philadelphia 0 - Arizona 8 |
| TOP OF THE 5TH |
|
Philadelphia Phillies batting - Pitching for Arizona Diamondbacks : LHP Tim Wybenga
|
|
Batting: LHB Ryan Trombley
|
0-0: Ground out 5-3 (Groundball, 56, EV 91.2 MPH)
|
|
Batting: SHB Phuck II
|
0-0: Called Strike 0-1: Swinging Strike 0-2: Strikes out swinging
|
|
Batting: LHB Cody Schumacher
|
0-0: Called Strike 0-1: Ball 1-1: Ball 2-1: Foul Ball, location: 2F 2-2: Ground out 6-3 (Groundball, 56D, EV 98.1 MPH)
|
| Top of the 5th over - 0 runs, 0 hits, 0 errors, 0 left on base; Philadelphia 0 - Arizona 8 |
| BOTTOM OF THE 5TH |
|
Arizona Diamondbacks batting - Pitching for Philadelphia Phillies : RHP Josh Allport
|
|
Batting: LHB Joel Kunkler
|
0-0: Called Strike 0-1: Swinging Strike 0-2: Ground out 1-3 (Groundball, 15S, EV 65.6 MPH)
|
|
Batting: SHB Salvador Aragon
|
0-0: Fly out, F9 (Flyball, 9S, EV 93.1 MPH)
|
|
Batting: LHB Mike Mentzer
|
0-0: Foul Ball, location: 2F 0-1: Swinging Strike 0-2: Strikes out swinging
|
| Bottom of the 5th over - 0 runs, 0 hits, 0 errors, 0 left on base; Philadelphia 0 - Arizona 8 |
| TOP OF THE 6TH |
|
Philadelphia Phillies batting - Pitching for Arizona Diamondbacks : LHP Tim Wybenga
|
|
Batting: RHB Quintin Parker
|
0-0: Ball 1-0: Ground out 6-3 (Groundball, 6, EV 89.4 MPH)
|
|
Batting: LHB Nick Canizales
|
0-0: Ball 1-0: Swinging Strike 1-1: Called Strike 1-2: Strikes out swinging
|
|
Batting: SHB Lance Franklin
|
0-0: Called Strike 0-1: Ball 1-1: Ball 2-1: Fly out, F8 (Flyball, 78M, EV 84.4 MPH)
|
| Top of the 6th over - 0 runs, 0 hits, 0 errors, 0 left on base; Philadelphia 0 - Arizona 8 |
| BOTTOM OF THE 6TH |
|
Arizona Diamondbacks batting - Pitching for Philadelphia Phillies : RHP Josh Allport
|
|
Batting: LHB Bobby Arevalo
|
0-0: SINGLE (Groundball, 34S, EV 74.4 MPH) (infield hit)
|
|
Batting: SHB Warren Eisner
|
0-0: Fielders Choice at 2nd, 3-6 (Groundball, 3, EV 88.1 MPH)
|
|
Batting: RHB Katilimomi Kelekolio
|
0-0: Ball 1-0: SINGLE (Flyball, 89M, EV 85.6 MPH) Warren Eisner to second Runner from 2nd tries for 3rd, SAFE, throw by CF made to third
|
|
Batting: LHB Roy Steigerwald
|
0-0: Called Strike 0-1: Foul Ball, location: 2F 0-2: Strikes out swinging
|
|
Batting: SHB Alec Thorpe
|
0-0: Called Strike 0-1: Ball 1-1: Ball 2-1: Ball 3-1: Called Strike 3-2: Foul Ball, location: 2F 3-2: Base on Balls Katilimomi Kelekolio to second
|
|
Pitching: RHP Brian Thomas
|
|
|
Batting: RHB Andy Swaim
|
0-0: Ball 1-0: Ball 2-0: Foul Ball, location: 2F 2-1: Ball 3-1: SINGLE (Groundball, 5S, EV 65.6 MPH) (infield hit) Warren Eisner scores Katilimomi Kelekolio to third Alec Thorpe to second
|
|
Batting: LHB Joel Kunkler
|
0-0: Fly out, F8 (Flyball, 8LD, EV 98.1 MPH)
|
| Bottom of the 6th over - 1 run, 3 hits, 0 errors, 3 left on base; Philadelphia 0 - Arizona 9 |
| TOP OF THE 7TH |
|
Philadelphia Phillies batting - Pitching for Arizona Diamondbacks : LHP Tim Wybenga
|
|
Batting: RHB Chef Belew
|
0-0: DOUBLE (Line Drive, 89D, EV 103.1 MPH)
|
|
Batting: LHB Osamu Kubo
|
0-0: Fly out, F9 (Line Drive, 9S, EV 105.6 MPH)
|
|
Batting: RHB Josh Hensley
|
0-0: Ground out 5-3 (Groundball, 56S, EV 63.1 MPH) Chef Belew to third
|
|
Batting: LHB Ryan Trombley
|
0-0: Ball 1-0: Ball 2-0: Ball 3-0: Called Strike 3-1: Base on Balls
|
|
Batting: SHB Phuck II
|
0-0: Ball 1-0: Called Strike 1-1: Ball 2-1: Fly out, F7 (Flyball, 7D, EV 96.9 MPH)
|
| Top of the 7th over - 0 runs, 1 hit, 0 errors, 2 left on base; Philadelphia 0 - Arizona 9 |
| BOTTOM OF THE 7TH |
|
Arizona Diamondbacks batting - Pitching for Philadelphia Phillies : RHP Brian Thomas
|
|
Batting: SHB Salvador Aragon
|
0-0: Ball 1-0: Ball 2-0: Called Strike 2-1: Swinging Strike 2-2: Foul Ball, location: 2F 2-2: Ball 3-2: Base on Balls
|
|
Batting: LHB Mike Mentzer
|
0-0: Fly out, F7 (Flyball, 7, EV 88.8 MPH)
|
|
Batting: LHB Bobby Arevalo
|
0-0: Called Strike 0-1: Ball 1-1: Ball 2-1: Ball 3-1: Foul Ball, location: 2F 3-2: Foul Ball, location: 2F 3-2: Strikes out swinging
|
|
Batting: SHB Warren Eisner
|
0-0: Fly out, F4 (Line Drive, 4, EV 73.8 MPH)
|
| Bottom of the 7th over - 0 runs, 0 hits, 0 errors, 1 left on base; Philadelphia 0 - Arizona 9 |
| TOP OF THE 8TH |
|
Philadelphia Phillies batting - Pitching for Arizona Diamondbacks : LHP Tim Wybenga
|
|
Batting: LHB Cody Schumacher
|
0-0: Foul Ball, location: 2F 0-1: Ball 1-1: Called Strike 1-2: Strikes out swinging
|
|
Batting: RHB Quintin Parker
|
0-0: Ball 1-0: DOUBLE (Groundball, 5L, EV 103.1 MPH)
|
|
Batting: LHB Nick Canizales
|
0-0: Ground out 4-3 (Groundball, 4, EV 103.8 MPH) Quintin Parker to third
|
|
Batting: SHB Lance Franklin
|
0-0: Called Strike 0-1: Called Strike 0-2: Ball 1-2: SINGLE (Flyball, 3D, EV 98.1 MPH) Quintin Parker scores
|
|
Batting: RHB Chef Belew
|
0-0: Foul Ball, location: 2F 0-1: Swinging Strike 0-2: Ball 1-2: Strikes out swinging
|
| Top of the 8th over - 1 run, 2 hits, 0 errors, 1 left on base; Philadelphia 1 - Arizona 9 |
| BOTTOM OF THE 8TH |
|
Arizona Diamondbacks batting - Pitching for Philadelphia Phillies : RHP Brian Thomas
|
|
Batting: RHB Katilimomi Kelekolio
|
0-0: Ball 1-0: Called Strike 1-1: Called Strike 1-2: SINGLE (Groundball, 34, EV 98.1 MPH)
|
|
Batting: LHB Roy Steigerwald
|
0-0: Ball 1-0: Swinging Strike 1-1: Ball 2-1: Foul Ball, location: 2F 2-2: Fly out, F1 (Popup, P, EV 85.6 MPH)
|
|
Pinch Hitting: LHB Steve Reinhart
|
0-0: Foul Ball, location: 2F 0-1: Called Strike 0-2: Ball 1-2: Strikes out swinging
|
|
Batting: RHB Andy Swaim
|
0-0: Swinging Strike 0-1: Fly out, F9 (Flyball, 9, EV 85.0 MPH)
|
| Bottom of the 8th over - 0 runs, 1 hit, 0 errors, 1 left on base; Philadelphia 1 - Arizona 9 |
| TOP OF THE 9TH |
|
Philadelphia Phillies batting - Pitching for Arizona Diamondbacks : LHP Tim Wybenga
|
|
Now at SS: Steve Reinhart
|
|
|
Batting: LHB Osamu Kubo
|
0-0: Ball 1-0: Ball 2-0: Foul Ball, location: 2F 2-1: Called Strike 2-2: Foul Ball, location: 2F 2-2: Strikes out swinging
|
|
Batting: RHB Josh Hensley
|
0-0: Foul Ball, location: 2F 0-1: Ground out 5-3 (Groundball, 56S, EV 78.8 MPH)
|
|
Pitching: RHP Nick Burcham
|
|
|
Batting: LHB Ryan Trombley
|
0-0: Ball 1-0: Foul Ball, location: 2F 1-1: Foul Ball, location: 2F 1-2: Ground out 5-3 (Groundball, 56, EV 88.1 MPH)
|
| Top of the 9th over - 0 runs, 0 hits, 0 errors, 0 left on base; Philadelphia 1 - Arizona 9 |
|